AoeStats
← Křovák

Arena

507094768Analyzed
1v1 RM · 16d ago on Sep 16, 2026· 50m 5s· 2 players
Game mode
Random Map
Map size
Tiny (2 player)
Population
200
Speed
Normal
Resources
Standard
Victory
Conquest
Starting age
Dark Age
Ending age
Imperial Age
RankedLock teamsTeams togetherTeam positionsShared explorationLock speedFull tech treeHidden civsTurbo modeCheats
Victory
Defeat
🇨🇿 Bohemians · Czechia
821
+17
🇩🇪 Magyars · Germany
845
-17
Křovák
8:53 Loom
12:00 Feudal Age
16:22 Castle Age
14:16 Double-Bit Axe
15:10 Horse Collar
19:39 Heavy Plow
24:01 Bow Saw
24:25 Fletching
30:56 Imperial Age
29:47 Bodkin Arrow
29:26 Pikeman
30:10 Squires
35:13 Chemistry
34:34 Ballistics
36:08 Murder Holes
36:23 Fortified Wall
38:15 Bracer
39:55 Scale Mail Armor
40:05 Forging
39:19 Halberdier
42:13 Chain Mail Armor
50:23 Iron Casting
50:18 Plate Mail Armor
49:37 Town Watch
CalicoCarrot720
10:48 Feudal Age
12:21 Horse Collar
12:29 Double-Bit Axe
15:19 Bloodlines
15:17 Scale Barding Armor
16:13 Fletching
21:48 Castle Age
21:36 Wheelbarrow
23:56 Chain Barding Armor
23:32 Bodkin Arrow
23:43 Heavy Plow
24:00 Light Cavalry
24:27 Elite Skirmisher
33:46 Imperial Age
36:00 Crop Rotation
43:29 Plate Barding Armor
45:45 Hussar
Connection lost

Rejoining the realm…

Still unreachable

The connection could not be restored.

Session expired

The server has moved on; the page needs a fresh start.